 Dungeon Crawl Stone Soup version 0.29-a0-283-ga02f740833 (webtiles) character file.

Game seed: 15197395979340065855

30 Anunax the Magician (level 3, -1/27 HPs)
             Began as a Draconian Hedge Wizard on Mar 13, 2022.
             Slain by a ball python (2 damage)
             ... on level 2 of the Dungeon.
             The game lasted 00:03:47 (1723 turns).

Anunax the Magician (Draconian Hedge Wizard)        Turns: 1723, Time: 00:03:48

Health: -1/27      AC:  5    Str: 12    XL:     3   Next: 5%
Magic:  3/8        EV: 12    Int: 16    God:
Gold:   121        SH:  0    Dex: 10    Spells: 8/9 levels left

rFire   . . .      SeeInvis .   a - +0 dagger
rCold   . . .      Faith    .   (no shield)
rNeg    . . .      Spirit   .   (body armour unavailable)
rPois   .          Reflect  .   b - +0 hat
rElec   .          Harm     .   (no cloak)
rCorr   .          Rampage  .   (no gloves)
Will    .....                   (no boots)
Stlth   ++........              (no amulet)
HPRegen 0.09/turn               (no ring)
MPRegen 0.11/turn               (no ring)

@: no status effects
A: AC +5, unfitting armour, cold-blooded
a: no special abilities


You were on level 2 of the Dungeon.
You visited 1 branch of the dungeon, and saw 2 of its levels.

You collected 121 gold pieces.

Inventory:

Hand Weapons
 a - a +0 dagger (weapon)
Armour
 b - a +0 hat (worn)
Scrolls
 d - a scroll of enchant weapon {unknown}
 e - a scroll of fear {unknown}
 f - 2 scrolls of enchant armour {unknown}
 h - 2 scrolls of blinking {unknown}
Potions
 c - 3 potions of magic
 g - a potion of cancellation {unknown}


   Skills:
 + Level 0.5 Fighting
 + Level 0.6 Short Blades
 + Level 1.8 Dodging
 + Level 2.0 Stealth
 + Level 3.6 Spellcasting
 + Level 1.1 Conjurations
 + Level 1.0 Summonings
 + Level 1.0 Translocations


You had 8 spell levels left.
You knew the following spells:

 Your Spells              Type           Power      Damage    Failure   Level
a - Magic Dart            Conj           24%        1d4       11%         1

Your spell library contained the following spells:

 Spells                   Type           Power      Damage    Failure   Level
 Slow                     Hex            8%         N/A       19%         1
 Blink                    Tloc           12%        N/A       19%         2
 Call Imp                 Summ           6%         N/A       19%         2
 Conjure Flame            Conj/Fire      4%         6-21      38%         3
 Mephitic Cloud           Conj/Pois/Air  4%         N/A       41%         3
 Blade Hands              Tmut           1%         N/A       99%         5
 Iron Shot                Conj/Erth      2%         9d2       100%        6
 Animate Armour           Summ/Erth      Unusable   N/A       N/A         4

Dungeon Overview and Level Annotations

Branches:
Dungeon (2/15)

Altars:
Elyvilon

Annotations:
D:2 Sigmund


Innate Abilities, Weirdness & Mutations

Your plain brown scales are hard. (AC +5)
You cannot fit into any form of body armour.
You are cold-blooded and may be slowed by cold attacks.


Message History

The ball python bites you.
* * * LOW HITPOINT WARNING * * *
The ball python closely misses you.
The ball python attacks as you move away!
The ball python barely misses you. x2
The ball python bites you but does no damage.
The ball python barely misses you.
The ball python attacks as you move away!
The ball python completely misses you. The ball python closely misses you.
An endoplasm comes into view.
The ball python attacks as you move away!
The ball python barely misses you.
The ball python bites you but does no damage.
The ball python barely misses you.
The endoplasm quivers.
Sigmund gestures at you while chanting. The magic dart hits you.
* * * LOW HITPOINT WARNING * * *
A kobold comes into view. It is wielding a +0 mace.
The endoplasm freezes you.
You are frozen.
* * * LOW HITPOINT WARNING * * *
Sigmund mumbles some strange words.
Sigmund flickers and vanishes!
Deactivating autopickup; reactivate with Ctrl-A.
The endoplasm barely misses you. The endoplasm attacks as you move away!
The endoplasm misses you.
The kobold shouts!
The ball python attacks as you move away!
The ball python barely misses you. The ball python misses you.
The ball python bites you.
* * * LOW HITPOINT WARNING * * *
The ball python barely misses you.
The ball python bites you but does no damage.
The ball python barely misses you.
The ball python attacks as you move away!
The ball python barely misses you.
The ball python attacks as you move away!
The ball python bites you.
You die...

#.# #.# #.# #.# #.# # #.#
#.# # #[#####.###... # #
#............. #
#.########...........# #
#........#.####.###..# #
#...<..#.#.# #@# #..# #
##.###.#.#.# #S# #..# # #
#.#.#.####.###..# #
#.#........K.J..# #######
#.###.####.###..# #.....@
#.#
#.####.###..#####.##...
#.#
#................{##.##
#.######.###.#...........#
#........#
#.#.############


You could see a ball python and a kobold.

Vanquished Creatures
  An adder (D:2)
  2 dart slugs (D:1)
  A giant cockroach (D:2)
  2 goblins (D:1)
  3 hobgoblins (D:1)
  A quokka (D:2)
  2 bats (D:1)
  2 frilled lizards (D:1)
  3 kobolds
  A rat (D:1)
  A spectral hobgoblin (D:2)
19 creatures vanquished.

Notes
Turn   | Place    | Note
-------+----------+-------------------------------------------
     0 | D:1      | Anunax the Draconian Hedge Wizard began the quest for the
                  | Orb.
     0 | D:1      | Reached XP level 1. HP: 14/14 MP: 4/4
   759 | D:1      | Reached XP level 2. HP: 20/20 MP: 4/6
  1237 | D:2      | Found a white marble altar of Elyvilon.
  1328 | D:2      | Found a faded altar of an unknown god.
  1446 | D:2      | Reached XP level 3. HP: 7/27 MP: 0/8
  1688 | D:2      | Noticed Sigmund
  1715 | D:2      | HP: 1/27 [ball python (2)]
  1723 | D:2      | Slain by a ball python

Illustrated notes

Levels and vault maps discovered:
D:1:      minmay_arrival_stair_chambers, layout_loops_cross
D:2:      layout_loops_ring, dreamdust_ecumenical_altar_drowned_temple,
          basic_altar, minmay_goblin_outpost, uniq_crazy_yiuf_cottage,
          uniq_jessica, uniq_sigmund

Skill      XL: |  1  2 |
---------------+-------+-----
Stealth        | 2 |  2.0
Fighting       | |  0.5
Short Blades   | |  0.6
Dodging        | |  1.8
Spellcasting   | |  3.6
Conjurations   | |  1.1
Summonings     | |  1.0
Translocations | |  1.0

Action                   || total
-------------------------++-------
Melee: Dagger            ||    38
       Tailslap          ||     4
 Cast: Magic Dart        ||    59
Armor: Skin              ||    16
Dodge: Dodged            ||    49

Table legend: (Time is in decaauts)
 A = Elapsed time spent in this place.
 B = Non-inter-level travel time spent in this place.
 C = Inter-level travel time spent in this place.
 D = Time resting spent in this place.
 E = Time spent auto-exploring this place.
 F = Levels seen in this place.
 G = Mean time per level.
                   A        B        C        D        E       F      G
               +--------+--------+--------+--------+--------+-----+--------+
         Total |   1723 |   1711 |     12 |    773 |    723 |   2 |  861.5 |
       Dungeon |   1723 |   1711 |     12 |    773 |    723 |   2 |  861.5 |
               +--------+--------+--------+--------+--------+-----+--------+

Top non-repeatable levels by time:
     D:1: 1217 daAuts
     D:2: 506 daAuts
